 Dungeon Crawl Stone Soup version 0.27-a0-1555-g0e7b3fb1d2 (webtiles) character file.

Game seed: 7552771861775891659

146 lunkers the Skirmisher (level 5, -1/55 HPs)
             Began as an Ogre Warper on July 14, 2021.
             Slain by an orc priest (5 damage)
             ... on level 2 of the Dungeon.
             The game lasted 00:08:02 (4109 turns).

lunkers the Skirmisher (Ogre Warper)                Turns: 4109, Time: 00:08:03

Health: -1/55      AC:  4    Str: 16    XL:     5   Next: 28%
Magic:  8/8        EV:  9    Int: 14    God:
Gold:   68         SH:  0    Dex:  8    Spells: 8/8 levels left

rFire    . . .     SeeInvis .   a - +0 mace
rCold    . . .     Faith    .   (no shield)
rNeg     . . .     Spirit   .   b - +0 robe
rPois    .         Reflect  .   (helmet restricted)
rElec    .         Harm     .   f - +0 cloak
rCorr    .         Rampage  .   (gloves unavailable)
Will     .....                  (boots unavailable)
Stlth    +.........             (no amulet)
HPRegen  0.18/turn              (no ring)
MPRegen  0.11/turn              (no ring)

@: no status effects
A: large, unfitting armour, tough skin 1
a: no special abilities


You were on level 2 of the Dungeon.
You visited 1 branch of the dungeon, and saw 3 of its levels.

You collected 68 gold pieces.

Inventory:

Hand Weapons
 a - a +0 mace (weapon)
Missiles
 i - 2 boomerangs (quivered)
Armour
 b - a +0 robe (worn)
 f - a +0 cloak (worn)
 h - a +0 tower shield
Scrolls
 c - a scroll of blinking
 e - a scroll of identify {unknown}
 g - a scroll of immolation {unknown}
Potions
 d - a potion of heal wounds {unknown}


   Skills:
 + Level 4.5 Fighting
 * Level 4.1 Maces & Flails
 - Level 1.0 Throwing
 - Level 2.1 Dodging
 - Level 2.4 Spellcasting
 - Level 2.6 Translocations


You had 8 spell levels left.
You didn't know any spells.
Your spell library contained the following spells:

 Spells                   Type           Power      Damage    Failure   Level
 Blink                    Tloc           N/A        N/A       12%         2
 Gell's Gravitas          Tloc           4%         N/A       22%         3
 Lesser Beckoning         Tloc           4%         N/A       22%         3
 Teleport Other           Tloc           9%         N/A       22%         3
 Manifold Assault         Tloc           9%         N/A       91%         5


Dungeon Overview and Level Annotations

Branches:
Dungeon (3/15)

Altars:

Annotations:
D:3 Ijyb


Innate Abilities, Weirdness & Mutations

You are too large for most types of armour.
You have tough skin. (AC +1)


Message History

You climb downwards.
Level annotation: Ijyb Ijyb zaps a wand.
Your mind is blasted!
The orc hits you but does no damage.
The orc priest invokes the aid of Beogh against you.
You struggle to resist.
There is a stone staircase leading up, spattered with blood here.
The orc hits you from afar with a +0 trident.
The orc priest hits you with a +0 falchion.
* * * LOW HITPOINT WARNING * * *
Ijyb zaps a wand.
You struggle to resist.
The endoplasm quivers.
You climb upwards.
There is a stone staircase leading down, spattered with blood here.
Unknown command.
You closely miss the orc priest. The orc priest barely misses you.
You hit the orc priest but do no damage.
The orc priest hits you with a +0 falchion.
* * * LOW HITPOINT WARNING * * *
You closely miss the orc priest.
The orc priest hits you with a +0 falchion.
* * * LOW HITPOINT WARNING * * *
You hit the orc priest.
The orc priest is moderately wounded.
The orc priest hits you with a +0 falchion.
* * * LOW HITPOINT WARNING * * *
The orc priest invokes the aid of Beogh against you.
Beogh smites you!
* * * LOW HITPOINT WARNING * * *
You hit the orc priest but do no damage.
The orc priest is moderately wounded.
The orc priest calls down the wrath of Beogh upon you.
Pain shoots through your body!
* * * LOW HITPOINT WARNING * * *
You closely miss the orc priest.
The orc priest is moderately wounded.
The orc priest closely misses you.
You closely miss the orc priest.
The orc priest is moderately wounded.
The orc priest hits you with a +0 falchion.
You die...

##### #...# ####+#.#####
#........[.#
#......###o################
#......# #@)...............
#......# #)################
#......# #.# #......# #.#
#......# #.# ####'### #.#
#.# #.############ ######.#
#.##.........##### #...##.#
#..'.........'....


You could see an orc priest.

Vanquished Creatures
  Jessica (D:2)
  An orc wizard (D:2)
  An adder (D:2)
  2 dart slugs (D:1)
  6 orcs (D:2)
  6 endoplasms
  2 giant cockroaches (D:1)
  5 goblins
  10 hobgoblins
  3 jackals (D:2)
  4 quokkas
  10 ball pythons
  A bat (D:1)
  2 frilled lizards (D:1)
  9 kobolds
  6 rats
69 creatures vanquished.

Notes
Turn   | Place    | Note
-------+----------+-------------------------------------------
     0 | D:1      | lunkers the Ogre Warper began the quest for the Orb.
     0 | D:1      | Reached XP level 1. HP: 22/22 MP: 3/3
   408 | D:1      | Reached XP level 2. HP: 26/31 MP: 5/5
   897 | D:1      | Upgraded the game from 0.27-a0-1548-gf8a67e7463 to
                  | 0.27-a0-1555-g0e7b3fb1d2
   920 | D:1      | Reached XP level 3. HP: 8/37 MP: 6/6
  1021 | D:1      | HP: 1/37 [dart slug (1)]
  2327 | D:2      | Noticed Jessica
  2338 | D:2      | Killed Jessica
  2339 | D:2      | Reached XP level 4. HP: 33/48 MP: 7/7
  3192 | D:3      | Noticed Ijyb
  3498 | D:2      | Reached XP level 5. HP: 33/55 MP: 8/8
  4109 | D:2      | Slain by an orc priest

Illustrated notes

Levels and vault maps discovered:
D:1:      dpeg_arrival_concentric_ovals, layout_loops_ring, minmay_tetromino_l4
D:2:      layout_basic, uniq_jessica
D:3:      layout_basic, mainiacjoe_overflow_paths,
          shapermc_ecumenical_altar_acropolis, uniq_terence, uniq_ijyb

Skill      XL: |  1  2  3  4 |
---------------+-------------+-----
Maces & Flails | 2 3 4 |  4.1
Fighting       | 3 4 |  4.5
Throwing       | |  1.0
Dodging        | |  2.1
Spellcasting   | |  2.4
Translocations | |  2.6

Action                   |  1- 3 |  4- 6 || total
-------------------------+-------+-------++-------
Melee: Mace              |   148 |    93 ||   241
Throw: Boomerang         |     5 |       ||     5
       Stone             |       |    17 ||    17
 Stab: Sleeping          |     1 |       ||     1
Armor: Robe              |    48 |    45 ||    93
Dodge: Dodged            |    75 |    75 ||   150

Table legend: (Time is in decaauts)
 A = Elapsed time spent in this place.
 B = Non-inter-level travel time spent in this place.
 C = Inter-level travel time spent in this place.
 D = Time resting spent in this place.
 E = Time spent auto-exploring this place.
 F = Levels seen in this place.
 G = Mean time per level.
                   A        B        C        D        E       F      G
               +--------+--------+--------+--------+--------+-----+--------+
         Total |   4182 |   4027 |    155 |   1227 |   2110 |   3 | 1394.0 |
       Dungeon |   4182 |   4027 |    155 |   1227 |   2110 |   3 | 1394.0 |
               +--------+--------+--------+--------+--------+-----+--------+

Top non-repeatable levels by time:
     D:1: 2349 daAuts
     D:2: 1791 daAuts
     D:3: 41 daAuts
